 Dungeon Crawl Stone Soup version 0.28.0-45-g0d030f2227 (webtiles) character file.

Game seed: 6501714714947642634

4 CryoSword the Caller (level 1, -1/13 HPs)
             Began as a Demonspawn Summoner on Apr 20, 2022.
             Slain by a jackal (2 damage)
             ... on level 1 of the Dungeon.
             The game lasted 00:00:20 (141 turns).

CryoSword the Caller (Demonspawn Summoner)           Turns: 141, Time: 00:00:21

Health: -1/13      AC:  2    Str:  8    XL:     1   Next: 58%
Magic:  3/3        EV: 12    Int: 16    God:
Gold:   24         SH:  0    Dex: 13    Spells: 3/4 levels left

rFire   . . .      SeeInvis .   c - +2 dagger (venom)
rCold   . . .      Faith    .   (no shield)
rNeg    . . .      Spirit   .   a - +0 robe
rPois   .          Reflect  .   (no helmet)
rElec   .          Harm     .   (no cloak)
rCorr   .          Rampage  .   (no gloves)
Will    .....                   (no boots)
Stlth   ++........              (no amulet)
HPRegen 0.04/turn               (no ring)
MPRegen 0.08/turn               (no ring)

@: no status effects
A: no striking features
a: no special abilities


You were on level 1 of the Dungeon.
You visited 1 branch of the dungeon, and saw 1 of its levels.

You collected 24 gold pieces.

Inventory:

Hand Weapons
 c - a +2 dagger of venom (weapon)
   (You took it off a goblin on level 1 of the Dungeon)
Armour
 a - a +0 robe (worn)
Scrolls
 b - a scroll of fear {unknown}


   Skills:
 + Level 0.1 Fighting
 * Level 0.3 Polearms
 + Level 1.8 Dodging
 + Level 1.8 Stealth
 + Level 2.0 Spellcasting
 * Level 4.0 Summonings


You had 3 spell levels left.
You knew the following spells:

 Your Spells              Type           Power      Damage    Failure   Level
a - Summon Small Mammal   Summ           56%        N/A       3%          1

Your spell library contained the following spells:

 Spells                   Type           Power      Damage    Failure   Level
 Call Imp                 Summ           14%        N/A       6%          2
 Call Canine Familiar     Summ           14%        N/A       12%         3
 Summon Guardian Golem    Hex/Summ       8%         N/A       26%         3
 Summon Lightning Spire   Summ/Air       8%         N/A       65%         4


Dungeon Overview and Level Annotations

Branches:
Dungeon (1/15)

Altars:


Message History

Welcome, CryoSword the Demonspawn Summoner.
You feel drawn to the Orb of Zot, downwards into the unfathomable depths...
Found a scroll labelled GINIFA OMPIA and 24 gold pieces.
Found a staircase leading out of the dungeon.
There is an empty arch of ancient stone here.
b - a scroll labelled GINIFA OMPIA
There is an empty arch of ancient stone here.
There is an empty arch of ancient stone here.
There is an empty arch of ancient stone here.
There is an empty arch of ancient stone here.
You now have 10 gold pieces.
You now have 24 gold pieces (gained 14).
There is an empty arch of ancient stone here.
There is an empty arch of ancient stone here.
There is an empty arch of ancient stone here.
Found a stone staircase leading down.
Found a stone staircase leading down.
A bat comes into view.
A bat is nearby!
A bat is nearby!
The bat completely misses you.
You closely miss the bat. The bat misses you. The bat closely misses you.
The bat hits you but does no damage. The bat hits you.
You miss the bat. The bat hits you. The bat barely misses you.
You hit the bat. The bat hits you but does no damage. x2
You miss the bat. The bat hits you but does no damage.
The bat closely misses you.
You closely miss the bat. The bat hits you.
You closely miss the bat.
The bat closely misses you. x2; The bat misses you.
You miss the bat. The bat barely misses you. x2
You miss the bat. The bat completely misses you. The bat closely misses you.
You hit the bat but do no damage. The bat hits you but does no damage. x2
You hit the bat.
You kill the bat!
No target in view!
No target in view!
No target in view!
No target in view!
No target in view!
No target in view!
No target in view!
No target in view!
No target in view!
No target in view!
No target in view!
No target in view!
No target in view!
No target in view!
A goblin comes into view. It is wielding a +2 dagger of venom.
A goblin is nearby!
A goblin is nearby!
You don't know that spell.
You swap places. 3 jackals come into view.
Your bat barely misses the goblin.
The goblin hits your bat with a +2 dagger of venom.
Your bat dies!
Your bat's corpse disappears in a puff of smoke!
The jackal barks! x2
The goblin closely misses you.
You hit the goblin. The jackal barely misses your rat.
Your rat bites the goblin.
The goblin hits you with a +2 dagger of venom.
You hit the goblin.
You kill the goblin!
Your rat bites the jackal.
You swap places.
The jackal closely misses you.
You barely miss the jackal. The jackal completely misses your rat.
Your rat misses the jackal. You barely miss the jackal. The jackal misses you.
Your rat barely misses the jackal.
The jackal barely misses your rat.
You hit the jackal but do no damage. The jackal closely misses you.
Your rat misses the jackal. You hit the jackal but do no damage.
The jackal barely misses you.
Your rat bites the jackal but does no damage.
You barely miss the jackal. The jackal bites your rat.
Your rat bites the jackal but does no damage.
The jackal closely misses your rat.
You hit the jackal but do no damage. The jackal bites your rat.
Your rat misses the jackal. You closely miss the jackal.
The jackal barely misses your rat.
Your rat bites the jackal but does no damage.
The jackal barely misses your rat.
Your rat bites the jackal but does no damage.
Things that are here:
a +2 dagger of venom; a goblin corpse
c - a +2 dagger of venom Your rat bites the jackal.
The jackal closely misses you.
Your +2 dagger of venom begins to drip with poison!
c - a +2 dagger of venom (weapon)
The jackal barely misses you. The jackal bites your rat.
Your rat dies!
Your rat's corpse disappears in a puff of smoke!
You hit the jackal. The jackal barely misses you. x2
The jackal closely misses you.
You closely miss the jackal. The jackal barely misses you.
The jackal bites you.
The jackal bites you but does no damage.
You hit the jackal but do no damage.
The jackal is poisoned.
You kill the jackal!
The jackal closely misses you. The jackal bites you.
You are too injured to fight recklessly!
You are too injured to fight recklessly!
You are too injured to fight recklessly!
You are too injured to fight recklessly!
You are too injured to fight recklessly!
You are too injured to fight recklessly!
You are too injured to fight recklessly!
You are too injured to fight recklessly!
You are too injured to fight recklessly!
You are too injured to fight recklessly!
You are too injured to fight recklessly!
You are too injured to fight recklessly!
You miss the jackal.
The jackal misses you. x2; The jackal closely misses you. x2
You hit the jackal.
The jackal is poisoned.
The jackal bites you but does no damage.
The jackal bites you.
You closely miss the jackal. The jackal bites you.
* * * LOW HITPOINT WARNING * * *
The jackal bites you but does no damage.
The jackal closely misses you.
You barely miss the jackal. The jackal bites you.
* * * LOW HITPOINT WARNING * * *
The jackal bites you.
* * * LOW HITPOINT WARNING * * *
The jackal bites you.
* * * LOW HITPOINT WARNING * * *
You kill the jackal!
The jackal misses you.
You miss the jackal. The jackal closely misses you.
You closely miss the jackal. The jackal bites you.
You die...

#.# #.##. #.#
#.##♣ #.# #.##8
#.#########.###
#...........# #
#.#########.#
####†..........#
#.h†.....#.#####
#@##..##.#.#
#.##..##.#.#
#.##...#.#.#
#.##...#.#.#
#.##...#!...
...........#
...........# .#.


You could see a jackal.

Vanquished Creatures
  A goblin (D:1)
  2 jackals (D:1)
  A bat (D:1)
4 creatures vanquished.

Notes
Turn   | Place    | Note
-------+----------+-------------------------------------------
     0 | D:1      | CryoSword the Demonspawn Summoner began the quest for the
                  | Orb.
     0 | D:1      | Reached XP level 1. HP: 13/13 MP: 3/3
   141 | D:1      | Slain by a jackal

Illustrated notes

Levels and vault maps discovered:
D:1:      heliophobic_arrival_enchanted_forest, layout_loops_ring,
          shapermc_ecumenical_altar_mp_vishouse

Action                   || total
-------------------------++-------
Melee: Unarmed           ||    19
       Dagger            ||     9
 Cast: Summon Small Mamm ||     2
Armor: Robe              ||     9
Dodge: Dodged            ||    31
